 Dungeon Crawl Stone Soup version 0.19.5 (webtiles) character file.

155845 Reinor the Eclecticist (level 17, 0/85 HPs)
             Began as a Spriggan Earth Elementalist on May 21, 2017.
             Was the Champion of Vehumet.
             Shot with an arrow by a deep elf archer (32 damage)
             ... on level 2 of the Elven Halls.
             The game lasted 02:32:29 (48117 turns).

Reinor the Eclecticist (SpEE)                      Turns: 48117, Time: 02:32:29

Health: 0/85       AC:  5    Str:  4    XL:     17   Next: 9%
Magic:  37/50      EV: 36    Int: 23    God:    Vehumet [******]
Gold:   2605       SH:  4    Dex: 17    Spells: 10 memorised, 14 levels left

rFire  + . .     SeeInvis +     v - staff of energy
rCold  + . .     Gourm    .     t - +1 robe {rC+ rF+}
rNeg   . . .     Faith    .     (shield currently unavailable)
rPois  +         Spirit   .     e - +1 hat
rElec  .         Reflect  +     O - +0 cloak {rPois}
rCorr  .         Harm     .     (gloves unavailable)
MR     ++...                    (boots unavailable)
Stlth  ++........               G - +4 amulet of reflection
                                A - ring of Shaolin {EV+8}
                                N - ring of magical power

@: deflect missiles, very quick
A: unfitting armour, see invisible, herbivore 3, speed 3, slow metabolism 2
a: Renounce Religion


You were on level 2 of the Elven Halls.
You worshipped Vehumet.
Vehumet was exalted by your worship.
You were not hungry.

You visited 5 branches of the dungeon, and saw 26 of its levels.
You also visited: Sewer, Bailey, Ice Cave and Volcano.

You collected 3789 gold pieces.
You spent 1184 gold pieces at shops.

Inventory:

Missiles
 b - 479 stones (quivered)
Armour
 e - a +1 hat (worn)
 t - a +1 robe of resistance (worn)
 O - a +0 cloak of poison resistance (worn)
 P - a +2 robe of magic resistance
Magical Staves
 v - an uncursed staff of energy (weapon)
 M - an uncursed staff of earth
Jewellery
 A - the ring of Shaolin (right hand) {EV+8}
   (You found it on level 5 of the Lair of Beasts)

   [ring of evasion]

   It affects your evasion (+8).
 D - an uncursed ring of protection from magic
 G - a +4 amulet of reflection (around neck)
 N - a ring of magical power (left hand)
 S - an uncursed ring of fire
 T - the ring "Waagi Herif" {rF+ Int+2 SInv}
   (You found it on level 6 of the Lair of Beasts)

   [ring of intelligence]

   It affects your intelligence (+2).
   It protects you from fire.
   It lets you see invisible.
 W - an uncursed ring of protection from cold
 Z - a +3 ring of protection
Wands
 g - a wand of iceblast (4/15)
 l - a wand of acid (10/15)
 r - a wand of digging (7/24)
 y - a wand of digging (12/24)
 E - a wand of teleportation (4/9)
 I - a wand of acid (2/15)
 K - a wand of iceblast (8/15)
Scrolls
 i - 5 scrolls of fog
 n - 9 scrolls of teleportation
 p - 10 scrolls of remove curse
 H - 2 scrolls of blinking
 Q - 2 scrolls of recharging
 R - a scroll of fear
 X - 2 scrolls of magic mapping
 Y - 6 scrolls of identify
Potions
 a - 3 potions of agility
 c - a potion of brilliance
 h - 4 potions of ambrosia
 j - 7 potions of heal wounds
 k - 4 potions of invisibility
 m - 6 potions of flight
 o - 3 potions of might
 q - a potion of haste
 s - 7 potions of curing
 u - 2 potions of beneficial mutation
 z - a potion of cure mutation
 C - a potion of cancellation
Comestibles
 d - 9 bread rations
 U - 3 fruits


   Skills:
 - Level 8.0 Fighting
 - Level 12.0 Dodging
 - Level 3.0 Stealth
 + Level 19.2 Spellcasting
 - Level 6.0 Conjurations
 + Level 10.0 Charms
 - Level 4.0 Translocations
 - Level 10.0 Transmutations
 - Level 5.5 Air Magic
 + Level 15.6 Earth Magic
 - Level 9.0 Evocations


You had 14 spell levels left.
You knew the following spells:

 Your Spells              Type           Power        Failure   Level  Hunger
a - Sandblast             Erth           ######       0%          1    None
b - Passwall              Tmut/Erth      ######....   0%          2    None
c - Stone Arrow           Conj/Erth      ######       1%          3    None
d - Petrify               Tmut/Erth      ######..     1%          4    None
e - Lee's Rapid Deconstr  Erth           #######...   1%          5    None
f - Blink                 Tloc           N/A          1%          2    None
g - Deflect Missiles      Chrm/Air       ######....   14%         6    None
h - Yara's Violent Unrav  Hex/Tmut       #####.....   2%          5    None
i - Statue Form           Tmut/Erth      ######...    1%          6    None
j - Iron Shot             Conj/Erth      ######....   1%          6    None


Dungeon Overview and Level Annotations

Branches:
Dungeon (15/15)            Temple (1/1) D:6            Lair (6/6) D:10
 Shoals (0/4) Lair:3       Spider (0/4) Lair:3        Slime (0/5) Lair:5
    Orc (2/2) D:12            Elf (2/3) Orc:2        Vaults (0/5) D:13
 Depths (0/5) D:15

Altars:
Ashenzari
Cheibriados
Dithmenos
Elyvilon
Fedhas
Gozag
Hepliaklqana
Kikubaaqudgha
Makhleb
Nemelex Xobeh
Okawaru
Qazlal
Ru
Sif Muna
Trog
Uskayaw
Vehumet
Xom
Yredelemnul
Zin
The Shining One
Beogh
Jiyva

Shops:
D:9 %   D:11 [   Orc:2 =([?

Annotations:
Lair:4 siprus's ghost, journeyman DsAK
Lair:5 1 runed door
Elf:2 1 runed door


Innate Abilities, Weirdness & Mutations

You are very small and have problems with some larger weapons.
You are too small for most types of armour.
You have supernaturally acute eyesight. (SInv)
You are a herbivore.
You cover ground extremely quickly.
You need consume almost no food.


Message History

Confirm with . or Enter, or press ? or * to list all spells.
Aiming: Lee's Rapid Deconstruction
Press: ? - help, Dir - move target cursor
Okay, then.
The deep elf sorcerer gestures at you while chanting.
The sphere of damnation explodes!
The damnation engulfs you!
The deep elf mage shouts!
You hear a shout!
Casting: Lee's Rapid Deconstruction
Confirm with . or Enter, or press ? or * to list all spells.
Aiming: Lee's Rapid Deconstruction
Press: ? - help, Dir - move target cursor The wall shatters!
The blast of rock fragments hits the deep elf sorcerer.
The deep elf sorcerer is severely wounded.
The blast of rock fragments hits the deep elf archer.
The deep elf archer is almost dead.
The deep elf mage points at you and mumbles some strange words.
The bolt of lightning misses you.
The deep elf archer shoots an arrow.
The arrow hits you!!
You die...

...§.§..###..#...
...)ee.e.#.......
...e............
..e).....#### ........}.#
#.(......# .#####.((....#
#.e....(.....##.
##.#....(@...#.#
#.............#
...#.............# #.
..##...<......###.#.
.###........(.# #.#
#...###.####.# ##### ##
......#.# #.###...## #.
......#.####.##.....####.
..........##.#.......##.#


You could see a deep elf sorcerer, 4 deep elf archers and a deep elf mage.

Vanquished Creatures
  The ghost of Nr616 the Blocker, a journeyman MiBe of Trog (Orc:2)
  The ghost of Nr616 the Blocker, a journeyman MiBe of Trog (Lair:6)
  A dire elephant (Lair:6)
  Azrael (Orc:2)
  Snorg (Lair:3)
  An ettin (Orc:2)
  A fire dragon (D:15)
  Erolcha (D:9)
  4 ogre magi
  A vault guard (D:13)
  3 centaur warriors
  A merfolk avatar (Lair:6)
  7 hydras
  2 ice dragons (IceCv)
  The ghost of smzp the Grappler, a novice TrMo (Orc:1)
  7 death yaks
  A tengu warrior (D:13)
  8 dancing weapons
  Urug (Lair:3)
  9 deep elf knights
  An orc high priest (Orc:1)
  Sonja (D:12)
  A sea snake (Lair:6)
  6 unseen horrors
  4 skeletal warriors (D:15)
  3 wizards (D:15)
  Pikel (D:9)
  6 deep elf archers
  9 orc knights
  2 lindwurms (Volcano)
  5 hill giants
  3 harpies (Lair:6)
  A necromancer (D:15)
  7 ugly things
  34 deep elf magi
  3 cyclopes
  8 orc sorcerers
  A toenail golem (Volcano)
  2 manticores (Lair:6)
  10 elephants (Lair:6)
  Maurice (D:13)
  2 centaur zombies (D:12)
  A torpor snail (Lair:2)
  2 ice statues (IceCv)
  7 black mambas
  3 sirens (Lair:3)
  3 molten gargoyles (Volcano)
  17 spiny frogs
  4 centaur skeletons (D:15)
  3 gargoyles
  3 rime drakes
  7 komodo dragons
  4 efreet
  A redback zombie (D:15)
  A tengu conjurer (D:13)
  A queen bee (D:8)
  5 polar bears
  A merfolk (Lair:3)
  A meliai (shapeshifter) (Elf:2)
  9 trolls
  15 two-headed ogres
  21 blink frogs
  3 hornets
  4 slime creatures
  A dream sheep (shapeshifter) (D:15)
  13 dream sheep
  7 hippogriffs
  3 shadows
  4 air elementals
  Sigmund (D:3)
  2 redbacks (Lair:3)
  2 wraiths
  6 wyverns
  4 water elementals
  6 fire elementals
  A golden eye (shapeshifter) (Elf:2)
  58 yaks
  A steam dragon (D:9)
  4 basilisks
  Grum (D:9)
  2 hungry ghosts (D:8)
  3 vampire mosquitoes (D:15)
  5 wargs
  5 hell hounds (Orc:2)
  6 porcupines
  Duvessa (D:7)
  17 water moccasins
  45 orc warriors
  A black bear (D:8)
  7 sky beasts
  27 ice beasts
  A slave (D:9)
  41 ogres
  28 wolves
  4 boggarts (Lair:4)
  4 phantoms
  9 centaurs
  23 crocodiles
  2 big kobolds
  24 bullfrogs
  A wyvern zombie (D:9)
  2 earth elementals (Volcano)
  4 scorpions
  Dowan (D:7)
  26 killer bees
  15 wights
  6 electric eels
  2 howler monkeys
  7 crimson imps
  A jelly (D:7)
  2 bullfrog zombies
  12 hounds
  25 orc priests
  31 orc wizards
  2 bullfrog skeletons
  5 iguanas
  Ijyb (D:2)
  Natasha (thrice) (D:2)
  13 worker ants
  2 hound skeletons
  3 gnolls
  16 adders
  2 shadow imps
  3 oozes
  2 adder zombies
  2 worms (D:2)
  5 dart slugs
  4 leopard geckos
  135 orcs
  3 ball pythons
  7 giant cockroaches
  13 goblins
  14 hobgoblins
  10 jackals
  15 kobolds
  5 quokkas
  4 bats
  4 frilled lizards
  8 rats
  4 fire vortices (Volcano)
1069 creatures vanquished.

Vanquished Creatures (others)
  3 deep elf archers (Elf:1)
  A fire vortex (Volcano)
  25 fungi
  29 plants
58 creatures vanquished.

Grand Total: 1127 creatures vanquished

Notes
Turn   | Place    | Note
-------+----------+-------------------------------------------
     0 | D:1      | Reinor the Spriggan Earth Elementalist began the quest for the Orb.
     0 | D:1      | Reached XP level 1. HP: 9/9 MP: 5/5
   145 | D:1      | Reached skill level 3 in Spellcasting
   188 | D:1      | Reached XP level 2. HP: 12/13 MP: 0/7
   873 | D:2      | Reached XP level 3. HP: 16/16 MP: 4/8
  1375 | D:2      | Noticed Natasha
  1381 | D:2      | Killed Natasha
  1381 | D:2      | Reached XP level 4. HP: 21/21 MP: 5/10
  1789 | D:2      | Noticed Ijyb
  1798 | D:2      | Killed Ijyb
  1798 | D:2      | Reached skill level 4 in Spellcasting
  1988 | D:2      | Noticed Natasha
  1997 | D:2      | Killed Natasha
  1997 | D:2      | Reached XP level 5. HP: 8/24 MP: 4/12
  2151 | D:2      | Noticed Natasha
  2156 | D:2      | Killed Natasha
  2665 | D:3      | Learned a level 2 spell: Passwall
  2669 | D:3      | Learned a level 3 spell: Stone Arrow
  2674 | D:3      | Learned a level 4 spell: Petrify
  3104 | D:3      | Noticed Sigmund
  3122 | D:3      | Killed Sigmund
  3122 | D:3      | Reached skill level 5 in Dodging
  3122 | D:3      | Reached skill level 5 in Spellcasting
  3122 | D:3      | Reached XP level 6. HP: 14/28 MP: 6/15
  3425 | D:4      | Reached skill level 5 in Earth Magic
  3461 | D:4      | Reached skill level 6 in Spellcasting
  3461 | D:4      | Reached XP level 7. HP: 8/32 MP: 0/17
  4350 | D:5      | Entered Level 5 of the Dungeon
  4496 | D:5      | Found a glowing drain.
  4506 | Sewer    | Entered a sewer
  4727 | Sewer    | Found a white marble altar of Elyvilon.
  4858 | D:5      | Reached skill level 7 in Spellcasting
  5006 | D:5      | Reached XP level 8. HP: 36/36 MP: 10/20
  5876 | D:5      | Reached skill level 8 in Spellcasting
  6408 | D:6      | Learned a level 5 spell: Lee's Rapid Deconstruction
  6735 | D:6      | Found a staircase to the Ecumenical Temple.
  6744 | Temple   | Entered the Ecumenical Temple
  6841 | Temple   | Became a worshipper of Vehumet
  7032 | D:6      | Reached skill level 9 in Spellcasting
  7184 | D:6      | Reached XP level 9. HP: 8/39 MP: 18/23
  7502 | D:6      | Reached skill level 1 in Conjurations
  8324 | D:7      | Noticed Duvessa
  8324 | D:7      | Noticed Dowan
  8330 | D:7      | Reached * piety under Vehumet
  8330 | D:7      | Offered knowledge of Shock by Vehumet.
  8585 | D:7      | Killed Dowan
  8630 | D:7      | Killed Duvessa
  8955 | D:7      | Reached skill level 10 in Spellcasting
  9176 | D:7      | Reached skill level 5 in Transmutations
  9758 | D:8      | Reached ** piety under Vehumet
  9780 | D:8      | Offered knowledge of Throw Frost by Vehumet.
  9784 | D:8      | Learned a level 2 spell: Blink
  9787 | D:8      | Learned a level 2 spell: Repel Missiles
  9890 | D:8      | Reached XP level 10. HP: 25/44 MP: 4/25
  9924 | D:8      | Reached skill level 1 in Fighting
 10802 | D:8      | Reached skill level 11 in Spellcasting
 10819 | D:8      | Offered knowledge of Dazzling Spray by Vehumet.
 10918 | D:9      | Noticed Erolcha
 11404 | D:9      | Killed Erolcha
 11427 | D:9      | Reached *** piety under Vehumet
 11428 | D:9      | Reached skill level 1 in Translocations
 11430 | D:9      | Reached skill level 1 in Charms
 11844 | D:9      | Noticed Pikel
 11956 | D:9      | Noticed Grum
 12790 | D:9      | Killed Pikel
 12877 | D:9      | Found Gaesed's Food Boutique.
 12936 | D:9      | Found a sparkling altar of Nemelex Xobeh.
 13079 | D:10     | Entered Level 10 of the Dungeon
 13135 | D:9      | Offered knowledge of Static Discharge by Vehumet.
 13135 | D:9      | Reached XP level 11. HP: 46/52 MP: 18/27
 13186 | D:9      | Killed Grum
 13352 | D:10     | Noticed a hill giant
 13375 | D:10     | Reached skill level 12 in Spellcasting
 13409 | D:10     | Killed a hill giant
 13506 | D:10     | Reached skill level 5 in Charms
 13933 | D:10     | Reached skill level 10 in Earth Magic
 13937 | D:10     | Reached **** piety under Vehumet
 14033 | D:10     | Found a staircase to the Lair.
 14184 | D:10     | Offered knowledge of Yara's Violent Unravelling by Vehumet.
 14191 | D:10     | Learned a level 5 spell: Yara's Violent Unravelling
 15100 | D:11     | Found Onnavuny's Armour Shop.
 15100 | D:11     | Noticed a cyan ugly thing
 15122 | D:11     | Killed a cyan ugly thing
 15353 | D:11     | Noticed a hill giant
 15365 | D:11     | Killed a hill giant
 15924 | D:11     | Noticed a brown ugly thing
 15952 | D:11     | Reached ***** piety under Vehumet
 16187 | D:11     | Offered knowledge of Bolt of Fire by Vehumet.
 16187 | D:11     | Reached skill level 13 in Spellcasting
 16219 | D:11     | Noticed a hill giant
 16349 | D:11     | Killed a brown ugly thing
 16424 | D:11     | Noticed an unseen horror
 16439 | D:11     | Killed an unseen horror
 16840 | D:12     | Reached XP level 12. HP: 56/58 MP: 13/30
 17264 | D:12     | Noticed Sonja
 17268 | D:12     | Killed Sonja
 17364 | D:12     | Reached skill level 5 in Fighting
 17506 | D:12     | Found a staircase to the Orcish Mines.
 18314 | D:13     | Noticed a tengu warrior
 18332 | D:13     | Noticed a centaur warrior
 18375 | D:13     | Found a flagged portal.
 18385 | Bailey   | Entered a bailey
 19485 | D:13     | Killed a tengu warrior
 19632 | D:13     | Found a gate to the Vaults.
 19632 | D:13     | Noticed a vault guard
 19661 | D:13     | Killed a vault guard
 19870 | D:13     | Noticed a centaur warrior
 19880 | D:13     | Killed a centaur warrior
 19880 | D:13     | Reached skill level 14 in Spellcasting
 19880 | D:13     | Reached skill level 10 in Transmutations
 20080 | D:13     | You fall through a shaft for 2 floors!
 20080 | D:15     | Entered Level 15 of the Dungeon
 20082 | D:15     | Reached skill level 1 in Air Magic
 20349 | D:15     | Reached XP level 13. HP: 63/65 MP: 15/32
 21313 | D:15     | Offered knowledge of Throw Icicle by Vehumet.
 21387 | D:15     | Noticed a fire dragon
 21579 | D:15     | Found a staircase to the Depths.
 22058 | D:15     | Killed a fire dragon
 22676 | D:14     | Reached skill level 15 in Spellcasting
 22863 | D:14     | Found a roughly hewn altar of Beogh.
 23885 | D:13     | Reached skill level 10 in Charms
 24144 | D:13     | Noticed Maurice
 24149 | D:13     | Killed Maurice
 24645 | D:12     | Reached skill level 5 in Conjurations
 24645 | D:12     | Reached XP level 14. HP: 70/70 MP: 19/34
 24748 | Orc:1    | Entered Level 1 of the Orcish Mines
 24970 | Lair:1   | Entered Level 1 of the Lair of Beasts
 25441 | Lair:1   | Offered knowledge of Ozocubu's Refrigeration by Vehumet.
 26117 | Lair:1   | Learned a level 6 spell: Statue Form
 26356 | Lair:2   | Found a frozen archway.
 26547 | IceCv    | Entered an ice cave
 26554 | IceCv    | Reached skill level 10 in Dodging
 28260 | Lair:2   | Reached skill level 16 in Spellcasting
 28762 | Lair:3   | Found a hole to the Spider Nest.
 28875 | Lair:3   | Noticed Snorg
 28879 | Lair:3   | Noticed Urug
 28899 | Lair:3   | Killed Snorg
 29093 | Lair:3   | Killed Urug
 29763 | Lair:3   | Found a staircase to the Shoals.
 29983 | Lair:4   | Found a dark tunnel.
 29991 | Volcano  | Entered a volcano
 30873 | Lair:4   | Noticed siprus's ghost (journeyman DsAK)
 32127 | Lair:5   | Offered knowledge of Orb of Destruction by Vehumet.
 32360 | Lair:5   | Reached skill level 5 in Air Magic
 32676 | Lair:5   | Reached XP level 15. HP: 75/75 MP: 36/36
 33092 | Lair:5   | Gained mutation: Your body sometimes deteriorates upon taking damage. [potion of mutation]
 33092 | Lair:5   | Gained mutation: Your muscles are strong. (Str +2) [potion of mutation]
 33092 | Lair:5   | Gained mutation: You have sharp toenails. [potion of mutation]
 33093 | Lair:5   | Lost mutation: Your body sometimes deteriorates upon taking damage. [potion of cure mutation]
 33093 | Lair:5   | Lost mutation: Your muscles are strong. (Str +2) [potion of cure mutation]
 33093 | Lair:5   | Lost mutation: You have sharp toenails. [potion of cure mutation]
 33101 | Lair:5   | Found a runed door.
 33106 | Lair:5   | Found a viscous altar of Jiyva.
 33108 | Lair:5   | Found a staircase to the Slime Pits.
 33108 | Lair:5   | Noticed an acid blob
 33109 | Lair:5   | Noticed an acid blob
 33651 | Lair:6   | Entered Level 6 of the Lair of Beasts
 33865 | Lair:6   | Identified a scroll of acquirement
 34305 | Lair:6   | Reached skill level 17 in Spellcasting
 34587 | Lair:6   | Noticed Nr616's ghost (journeyman MiBe)
 34923 | Lair:6   | Offered knowledge of Iron Shot by Vehumet.
 34968 | Lair:5   | Learned a level 6 spell: Iron Shot
 37089 | Lair:6   | Reached skill level 1 in Evocations
 38398 | Lair:6   | Reached ****** piety under Vehumet
 38470 | Lair:6   | Offered knowledge of Spellforged Servitor by Vehumet.
 38753 | Lair:6   | Reached skill level 5 in Evocations
 38773 | Lair:6   | Got an ancient pewter ring
 38775 | Lair:6   | Identified the ring "Waagi Herif" {rF+ Int+2 SInv} (You found it on level 6 of the Lair of Beasts)
 39294 | Lair:6   | Killed Nr616's ghost
 39826 | Orc:1    | Found a roughly hewn altar of Beogh.
 39953 | Orc:2    | Entered Level 2 of the Orcish Mines
 39960 | Orc:2    | Reached XP level 16. HP: 79/80 MP: 12/38
 40162 | Orc:2    | Reached skill level 18 in Spellcasting
 40293 | Orc:2    | Found a staircase to the Elven Halls.
 40457 | Elf:1    | Entered Level 1 of the Elven Halls
 41605 | Orc:2    | Found Rathreole's Magic Scroll Shop.
 41605 | Orc:2    | Found Fuafophexesm's Weapon Emporium.
 41615 | Orc:2    | Found Ydwis Deq's Armour Emporium.
 41615 | Orc:2    | Found Honiogan's Jewellery Boutique.
 41702 | Orc:2    | Noticed Nr616's ghost (journeyman MiBe)
 41874 | Orc:2    | Noticed Azrael
 41898 | Orc:2    | Killed Azrael
 42142 | Orc:2    | Offered knowledge of Poisonous Cloud by Vehumet.
 42176 | Orc:1    | Noticed smzp's ghost (novice TrMo)
 42434 | Orc:1    | Killed smzp's ghost
 44290 | Orc:2    | Bought an uncursed ring of protection from magic for 400 gold pieces
 44290 | Orc:2    | Bought a cursed -2 ring of dexterity for 32 gold pieces
 44290 | Orc:2    | Bought an uncursed ring of protection from cold for 400 gold pieces
 44290 | Orc:2    | Bought a cursed ring of loudness for 72 gold pieces
 44293 | Orc:2    | Bought a +0 cloak of poison resistance for 136 gold pieces
 44294 | Orc:2    | Bought a scroll of teleportation for 48 gold pieces
 44294 | Orc:2    | Bought a scroll of identify for 32 gold pieces
 44294 | Orc:2    | Bought a scroll of identify for 32 gold pieces
 44294 | Orc:2    | Bought a scroll of identify for 32 gold pieces
 44548 | Orc:2    | Killed Nr616's ghost
 44948 | Elf:1    | Reached skill level 15 in Earth Magic
 46291 | Elf:1    | Offered knowledge of Fire Storm by Vehumet.
 46291 | Elf:1    | Offered knowledge of Shatter by Vehumet.
 46291 | Elf:1    | Offered knowledge of Tornado by Vehumet.
 47346 | Elf:2    | Reached skill level 19 in Spellcasting
 47516 | Elf:2    | Reached XP level 17. HP: 85/85 MP: 5/41
 47804 | Elf:1    | Learned a level 6 spell: Deflect Missiles
 47891 | Elf:2    | Found a runed gate.
 48117 | Elf:2    | Shot with an arrow by a deep elf archer

Skill      XL: |  1  2  3  4  5  6  7  8  9 10 11 12 13 14 15 16 17 |
---------------+----------------------------------------------------+-----
Spellcasting   | 3 4 5 6 7 9 10 11 13 14 15 16 17 19 | 19.2
Earth Magic    | 3 4 5 6 7 8 9 10 11 12 13 14 15 | 15.6
Dodging        | 4 5 6 8 10 12 | 12.0
Transmutations | 2 6 8 10 | 10.0
Conjurations   | 2 5 6 |  6.0
Fighting       | 3 4 6 7 8 |  8.0
Translocations | 3 4 |  4.0
Charms         | 3 6 7 10 | 10.0
Air Magic      | 2 3 5 |  5.5
Evocations     | 5 8 9 |  9.0
Stealth        | |  3.0

Action                   |  1- 3 |  4- 6 |  7- 9 | 10-12 | 13-15 | 16-18 || total
-------------------------+-------+-------+-------+-------+-------+-------++-------
Melee: Unarmed           |    12 |       |       |       |       |       ||    12
       Dagger            |     8 |    33 |   143 |    86 |       |       ||   270
       Staff             |       |       |       |       |    68 |    31 ||    99
 Cast: Sandblast         |    68 |    95 |   180 |    94 |    11 |    11 ||   459
       Stone Arrow       |       |       |    93 |   462 |  1043 |   152 ||  1750
       Repel Missiles    |       |       |       |     1 |     3 |     1 ||     5
       Lee's Rapid Decon |       |       |       |     4 |    33 |    12 ||    49
       Iron Shot         |       |       |       |       |   150 |   266 ||   416
       Petrify           |       |       |       |       |     6 |       ||     6
       Yara's Violent Un |       |       |       |       |       |     7 ||     7
       Deflect Missiles  |       |       |       |       |       |     1 ||     1
Evoke: Wand              |       |       |       |     8 |     5 |    10 ||    23
       Staff of energy   |       |       |       |       |     4 |    29 ||    33
  Use: Scroll            |       |     7 |    14 |     7 |    16 |     6 ||    50
       Potion            |       |       |     2 |       |     6 |     1 ||     9
 Stab: Sleeping          |       |     2 |     6 |       |       |       ||     8
       Distracted        |       |       |     1 |     1 |       |       ||     2
  Eat: Pizza             |       |       |     1 |       |       |       ||     1
       Fruit             |       |       |     3 |       |    14 |     3 ||    20
       Bread ration      |       |       |       |     2 |       |     2 ||     4
       Royal jelly       |       |       |       |       |     1 |       ||     1
Armor: Robe              |     8 |     6 |    20 |    20 |    35 |     8 ||    97
Dodge: Dodged            |    49 |    80 |   240 |   256 |   652 |   353 ||  1630
       Deflected         |       |       |       |     7 |    11 |     7 ||    25
Block: Other             |       |       |       |       |    36 |    50 ||    86
       Reflection        |       |       |       |       |       |    11 ||    11
